[Event "Chhattisgarh Masters GM 2022"]
[Site "Chhattisgarh"]
[Date "2022.09.19"]
[Round "1.12"]
[White "Arnav Maheshwari"]
[Black "Subhayan Kundu"]
[Result "1/2-1/2"]
[ECO "D00"]
[WhiteElo "2038"]
[BlackElo "2327"]
[Annotator "TA"]
[PlyCount "101"]
[EventDate "2022.09.19"]
[EventCountry "IND"]
[SourceTitle "playchess.com"]
[Source "ChessBase"]
[SourceQuality "1"]
[TimeControl "5400+30"]

1. d4 Nf6 2. Bg5 d5 3. Bxf6 exf6 4. e3 Bd6 5. Bd3 c6 {[%emt 0:00:55] CPLX 2.0} 6. Ne2 {[%emt 0:00:52] D00: 1 d4 d5: Unusual lines.} O-O {[%emt 0:04:37] CPLX 2.1 6 (f6-f5) (=3)} 7. Nd2 {[%emt 0:00:28] CPLX 2.4 7 (0-0) (=4)} Re8 {[%emt 0:01:26] CPLX 2.1 12 (f6-f5) (=6)} 8. O-O {[%emt 0:05:21] [#] CPLX 2.2 20 (c2-c4) (=9). The position is equal.} f5 $146 {[%emt 0:01:35] CPLX 2.6 0 (Bd6-c7) (=5)} ({Predecessor:} 8... Nd7 9. c4 dxc4 10. Nxc4 Bc7 11. Rc1 Nf8 12. Qc2 Bg4 13. Rfd1 Qb8 14. h3 Be6 {1-0 (29) Leenhouts,K (2296)-Porte,H Hengelo 2003}) 9. c4 {[%emt 0:09:26] CPLX 2.2 0 (b2-b3) (=7)} dxc4 {[%emt 0:00:32] BESTDEEP} (9... Qh4 10. g3 Qf6 11. cxd5 $16) 10. Bxc4 {[%emt 0:00:53] RECAPT 0 (Nd2xc4) (=5)} Nd7 {[%emt 0:03:22][%cal Bb8d7,Bd7f6,Bf6e4,Be4g5][%mdl 32] CPLX 3.0} 11. Nf3 {[%emt 0:07:26] BESTDEEP} h6 {[%emt 0:05:20] CPLX 2.9 23 (Nd7-f6) (=6)} 12. Rc1 {[%emt 0:04:29] CPLX 2.9 8 (Rf1-e1) (=5)} Qe7 {[%emt 0:02:25] CPLX 2.9 8 (Nd7-f6) (=6)} 13. Ng3 {[%emt 0:09:58] CPLX 2.7 31 (Rf1-e1) (=8)} g6 {[%emt 0:04:56] CPLX 2.8 16 (Nd7-b6) (=7)} 14. Ne2 {[%emt 0:08:14][%cal Bg3e2,Be2f4,Bf4d3,Bd3e5][%mdl 32] CPLX 2.7} Nf6 {[%emt 0:04:09] CPLX 2.7} 15. Nf4 {[%emt 0:04:31] CPLX 2.7 24 (a2-a3) (=9)} Kg7 {[%emt 0:01:09] CPLX 2.9 33 (Bd6xf4) (=9)} (15... Bxf4 $5 16. exf4 Be6 $15) 16. Nd3 {[%emt 0:01:04] BESTDEEP} Ne4 {[%emt 0:00:20] CPLX 2.6 0 (Bc8-e6) (=8)} 17. Nde5 {[%emt 0:08:10] CPLX 2.8 6 (Nf3-e5) (=8)} Rf8 {[%emt 0:01:05] CPLX 3.6 6 (Bc8-e6) (=8)} 18. Bb3 {[%emt 0:07:15] CPLX 3.5 2 (Rf1-e1) (=8)} f6 {[%emt 0:04:16] CPLX 3.5 15 (Ne4-g5) (=9)} 19. Nd3 {[%emt 0:00:47] CPLX 4.1} Bd7 {[%emt 0:07:56] CPLX 2.9 0 (Bc8-e6) (=8)} 20. Nc5 {[%emt 0:04:00] CPLX 2.9 21 (a2-a4) (=8)} Bc8 {[%emt 0:00:15][%cal Rd6c5] CPLX 3.4 27 (Bd6xc5) (=9)} 21. Qc2 {[%emt 0:01:31] CPLX 3.3 0 (Nc5-d3) (=7)} Ng5 {[%emt 0:05:28] CPLX 3.4 0 (Rf8-e8) (=9)} 22. Nd2 {[%emt 0:02:33] BESTDEEP} b6 {[%emt 0:00:55] CPLX 3.4} 23. Nd3 {[%emt 0:00:52] BESTDEEP} Bb7 {[%emt 0:03:50] CPLX 3.0 41 (Bc8-d7) (=10)} 24. Rfe1 {[%emt 0:01:35][%cal Oe3e4] CPLX 3.0 41 (h2-h4) (=8)} (24. h4 $5 ) 24... Rac8 {[%emt 0:02:15] RELBLUND 54 (Rf8-e8) (=12)} (24... Rfe8 $11) 25. Nf1 {[%emt 0:07:11] RELBLUND 56 (h2-h4) (=11)} (25. h4 $1 $14 Ne4 26. Nf4) 25... c5 $11 {[%emt 0:06:11][%cal Oc5c4] White must now prevent ...c4! CPLX 2.8} 26. dxc5 {[%emt 0:05:43] MISSDEEP-Qc2-d1 119 (Qc2-d1) (=16)} (26. Qd1 $1 $11) 26... Bxg2 {[%emt 0:05:54] This bishop pair is nice. MISSDEEP-Qe7-e4 129 (Qe7-e4) (=17)} 27. f4 $1 {[%emt 0:02:45] DEEPSTRONG=>BLUNDERREACT} (27. Kxg2 $2 Qe4+ 28. f3 Qxf3+ 29. Kg1 Nh3#) 27... Bb7 {[%emt 0:19:49][%cal Rg5h3] CPLX 5.1 0 (Bg2-a8) (=16)} 28. fxg5 {[%emt 0:00:18] Hoping for Nf4. EASY} Qe4 {[%emt 0:00:05] Inhibits Nf4. EASY} 29. gxh6+ {[%emt 0:02:55] BESTDEEP} ({Wrong is} 29. Ng3 $2 Bxg3 30. c6 Bxc6 31. Qxc6 Rxc6 $19) 29... Kxh6 {[%emt 0:00:14] ( -> ...Qh1+). RECAPT} 30. Red1 {[%emt 0:00:51] MISSDEEP-Re1-e2 129 (Re1-e2) (=19)} ({Avoid the trap} 30. Ng3 $2 Bxg3 31. c6 Bxc6 32. Qxc6 Rxc6 $19) (30. Re2 $1 $11) 30... f4 $2 {[%emt 0:04:14][%mdl 8192] MISSDEEP-b6xc5 312 (b6xc5) (=26)} (30... bxc5 $1 $17 {[%cal Oc5c4] stays on course. Threatens to win with ...c4!} 31. Bc4 Qf3) 31. Qd2 $2 {[%emt 0:01:39] MISSDEEP-Qc2-e2 193 (Qc2-e2) (=25)} (31. Qe2 $1 $18 Qh1+ 32. Kf2) 31... bxc5 {[%emt 0:02:02] [#] MISS-Qe4-h1 187 (Qe4-h1) (=32)} (31... Qh1+ $1 $11 {and Black is okay.} 32. Kf2 Rfe8 33. cxd6 fxe3+ 34. Nxe3 Qf3+ 35. Kg1 Qh1+ 36. Kf2 Qf3+ 37. Kg1 Qh1+ 38. Kf2) 32. Ne1 $1 $18 {[%emt 0:02:17] DEEPSTRONG=>BLUNDERREACT} Qh1+ {[%emt 0:03:55] BESTDEEP} 33. Kf2 {[%emt 0:00:01][%cal Bg1f2,Bf2e2,Be2f3][%mdl 32] LEGAL} Be5 {[%emt 0:04:55][%cal Oc8d8] [#] EASY} (33... Ba6 $2 34. Ng2 Bb7 35. e4 $18) 34. Bd5 $1 {[%emt 0:00:22] EASY} Bxd5 {[%emt 0:00:00] EASY} 35. Qxd5 {[%emt 0:00:07] Chess con chili. RECAPT} fxe3+ {[%emt 0:00:00] EASY} 36. Ke2 {[%emt 0:00:21] CPLX 6.0 21 (Nf1xe3) (=22)} Qg1 {[%emt 0:00:00] CPLX 6.4 78 (Qh1xd5) (=30)} (36... Qxd5 $142 37. Rxd5 Bxb2 38. Rcxc5 Rxc5 39. Rxc5 Bd4) 37. Qg2 {[%emt 0:00:12] CPLX 6.3 123 (Nf1xe3) (=25)} (37. Nxe3 $18 Qxh2+ 38. N1g2 Qh5+ 39. Kf2) 37... Qxg2+ $16 {[%emt 0:00:00] EASY} 38. Nxg2 {[%emt 0:00:09] RECAPT} Bxb2 {[%emt 0:00:00] EASY} 39. Rc2 {[%emt 0:02:16] CPLX 3.3 36 (Rc1-c4) (=25)} Bd4 {[%emt 0:00:00] CPLX 3.3} 40. Nfxe3 {[%emt 0:00:14] CPLX 3.2 29 (Ng2xe3) (=25)} f5 {[%emt 0:00:00] CPLX 2.5 20 (Rc8-e8) (=27)} 41. Kf3 {[%emt 0:00:00] CPLX 2.7} Rce8 {[%emt 0:00:00] CPLX 2.8} 42. h4 {[%emt 0:00:00] CPLX 3.3 28 (Ne3-c4) (=24)} Re4 {[%emt 0:00:00] CPLX 3.5 24 (Rf8-f6) (=26)} 43. Nd5 {[%emt 0:00:00] BESTDEEP} Rd8 {[%emt 0:00:00] BESTDEEP} 44. Nc3 {[%emt 0:00:00] CPLX 4.0} Re6 {[%emt 0:00:00] BESTDEEP} (44... Rg4 $2 45. Nb5 $16) 45. Nb5 {[%emt 0:00:00] CPLX 3.3 0 (Nc3-e2) (=22)} Ra6 {[%emt 0:00:00] BESTDEEP} 46. Nf4 {[%emt 0:00:00] CPLX 3.2 29 (Nb5xd4) (=23)} Ra5 $2 {[%emt 0:00:00] RELBLUND 181 (Bd4-f6) (=28)} (46... Bf6 $1 $14 47. Rxd8 Bxd8) 47. Ne6 $18 {[%emt 0:00:04][%csl LRc5,LRd4,LRd8] EASY} Re8 {[%emt 0:00:00] CPLX 4.0} 48. Nexd4 {[%emt 0:02:55] CPLX 4.8 103 (Nb5xd4) (=24)} (48. Nbxd4 $18 cxd4 49. Ng5 (49. Nxd4 Re4 $16)) 48... cxd4 $14 {[%emt 0:00:00] RECAPT. White is slightly better.} 49. Nxd4 {[%emt 0:00:17] RECAPT} Re4 {[%emt 0:00:00] CPLX 2.8 0 (Ra5-a3) (=26)} 50. Nb3 {[%emt 0:01:11] EASY} Raa4 {[%emt 0:00:00] CPLX 3.3} 51. Rd8 {[%emt 0:01:08] Weighted Error Value: White=0.28 (precise) /Black=0.31} 1/2-1/2

[Event "Chhattisgarh Masters GM 2022"]
[Site "Chhattisgarh"]
[Date "2022.09.19"]
[Round "1.13"]
[White "Saptarshi, Roy"]
[Black "Morvekar Kedar"]
[Result "1-0"]
[ECO "E04"]
[WhiteElo "2388"]
[BlackElo "2093"]
[Annotator "TA"]
[PlyCount "111"]
[EventDate "2022.09.19"]
[EventCountry "IND"]
[SourceTitle "playchess.com"]
[Source "ChessBase"]
[SourceQuality "1"]
[TimeControl "5400+30"]

1. d4 Nf6 2. c4 e6 3. g3 d5 4. Bg2 dxc4 5. Nf3 a6 6. O-O Nc6 {[%emt 0:00:54] CPLX 2.2} 7. Nbd2 {CPLX 2.1 15 (Bc1-g5) (=15). E04: Open Catalan: 5 Nf3.} Nxd4 {[%emt 0:10:55] CPLX 2.2 5 (b7-b5) (=3)} (7... b5 {is interesting.} 8. Ne5 Nxe5 9. Bxa8 Qxd4 10. Ne4 Qa7) 8. Nxc4 {BESTDEEP} (8. Ne5 {looks sharper.} Be7 9. Ndxc4 O-O 10. b3) 8... Nxf3+ {[%emt 0:09:44] CPLX 2.8} 9. Bxf3 {[%emt 0:01:32] RECAPT} Qxd1 {[%emt 0:04:53] CPLX 3.3} 10. Rxd1 {[%emt 0:00:26] RECAPT} Nd5 {[%emt 0:00:05] CPLX 2.1 25 (Bf8-e7) (=6)} 11. e4 {[%emt 0:00:28] CPLX 2.0} ({Much weaker is} 11. Bxd5 exd5 12. Rxd5 Be6 $17) 11... Nb6 {[%emt 0:00:07] CPLX 2.1 2 (Nd5-f6) (=5)} 12. Nxb6 {[%emt 0:00:26] BESTDEEP} (12. Bg5 {feels hotter.} Be7 13. Nxb6 cxb6 14. Be3) 12... cxb6 {[%emt 0:00:02] RECAPT} 13. e5 {[%emt 0:00:07] [#] BESTDEEP} Bd7 $146 {[%emt 0:21:04] BESTDEEP} ({Predecessor:} 13... Bc5 14. Be3 Bxe3 15. fxe3 Bd7 16. Rd6 Bc6 17. Bxc6+ bxc6 18. Rc1 O-O 19. Rcxc6 b5 20. Rxa6 {½-½ (31) Harika,D (2518)-Dzagnidze,N (2515) Saint Louis 2020}) 14. Be3 {[%emt 0:12:26] BESTDEEP} Bc5 $1 {[%emt 0:02:11] DEEPSTRONG} 15. Bxc5 {[%emt 0:17:01] CPLX 2.0 7 (Bf3xb7) (=2)} bxc5 {[%emt 0:00:01] RECAPT} 16. Rd6 {[%emt 0:10:45] BESTDEEP} Ke7 {[%emt 0:02:59] BESTDEEP} 17. Rad1 {[%emt 0:06:25] CPLX 2.0 16 (Ra1-c1) (=3)} Bb5 {[%emt 0:02:38] BESTDEEP} 18. b3 {CPLX 2.2 10 (Bf3xb7) (=4)} Rad8 {[%emt 0:14:25] RELBLUND 51 (Ra8-a7) (=6)} (18... Ra7 $11) 19. Bxb7 $14 {[%emt 0:13:56] White has more active pieces. CPLX 2.4} Rxd6 {[%emt 0:01:13] CPLX 2.6} 20. Rxd6 {[%emt 0:02:00][%mdl 4096] Endgame KRB-KRB. RECAPT} a5 {[%emt 0:00:05] CPLX 2.1} 21. Bc6 {[%emt 0:06:32] CPLX 2.0} Rb8 {[%emt 0:00:52] DEEPSTRONG} 22. a4 $1 {[%emt 0:04:20] DEEPSTRONG} Be2 {[%emt 0:05:39] BESTDEEP} 23. Rd7+ {[%emt 0:09:02] CPLX 2.0} Kf8 {[%emt 0:00:01] EASY} 24. f4 {[%emt 0:04:33] BESTDEEP} Rc8 {[%emt 0:06:45] CPLX 2.0 5 (g7-g5) (=5)} (24... Rxb3 $2 25. Rd8+ Ke7 26. Re8#) 25. Bb7 {[%emt 0:03:43] BESTDEEP} Rb8 {EASY} 26. Bc6 {[%emt 0:01:28] RELBLUND 68 (Kg1-f2) (=6)} (26. Kf2 $14 Bg4 27. Bc6) 26... Rc8 $1 $11 {[%emt 0:00:05] DEEPSTRONG} (26... Rxb3 $2 {is a self mate.} 27. Rd8+ Ke7 28. Re8#) 27. Bb7 {[%emt 0:00:26] RELBLUND 12 (Rd7-d6) (=6)} (27. Rd6 $11) 27... Rb8 $16 {[%emt 0:00:01] EASY} 28. Kf2 {[%emt 0:00:42] CPLX 2.0} Bd1 {[%emt 0:01:53] CPLX 2.2 36 (Be2-h5) (=5)} 29. Rxd1 {[%emt 0:00:06] EASY} Rxb7 {[%emt 0:00:01] KR-KR. EASY} 30. Rd8+ {[%emt 0:00:09] DEEPSTRONG} Ke7 {[%emt 0:00:09] LEGAL} 31. Rc8 {[%emt 0:00:05] EASY} Rxb3 {[%emt 0:00:12] CPLX 2.0} 32. Rxc5 {[%emt 0:00:05] MISS-Rc8-c7 2 (Rc8-c7) (=5)} Rb2+ {CPLX 2.0} 33. Kg1 {CPLX 2.0 13 (Kf2-f3) (=5)} h6 {[%emt 0:03:05] CPLX 2.0 31 (f7-f6) (=6)} 34. h4 {[%emt 0:05:51] MISS-Rc5xa5 93 (Rc5xa5) (=8)} ({White should play} 34. Rxa5 $16 {aiming for Ra7+.} Rb1+ 35. Kg2) 34... Rb1+ {[%emt 0:04:48] CPLX 2.0 43 (g7-g5) (=7)} (34... g5 $5) 35. Kg2 {[%emt 0:00:10] CPLX 2.0} Rb2+ {[%emt 0:00:02] CPLX 2.0} 36. Kf3 {[%emt 0:01:13] CPLX 2.0} Rb3+ {[%emt 0:01:01] CPLX 2.0} 37. Kg2 {[%emt 0:00:42] CPLX 2.0 51 (Kf3-g4) (=9)} (37. Kg4 $5 ) 37... Rb2+ {RELBLUND} 38. Kf3 {[%emt 0:00:09] CPLX 2.0 83 (Kg2-h3) (=12)} Rb3+ {[%emt 0:00:02] RELBLUND=>BLUNDERREACT} 39. Kg4 {[%emt 0:00:10] Hoping for h5. CPLX 2.0} h5+ {[#] CPLX 2.0} 40. Kxh5 {[%emt 0:03:06] RELBLUND 79 (Kg4-h3) (=13)} (40. Kh3 $1 $16) 40... Rxg3 $11 {[%emt 0:00:55] EASY} 41. Rxa5 {[%emt 0:00:25] CPLX 2.0} f5 $1 {[%emt 0:06:06] DEEPSTRONG} 42. exf6+ $1 {[%emt 0:00:00] DEEPSTRONG} Kxf6 {[%emt 0:00:00] [#] RECAPT} 43. Rg5 {[%emt 0:00:00] RELBLUND 135 (Ra5-a8) (=16)} (43. Ra8 $1 $16) 43... Ra3 {[%emt 0:00:00] CPLX 2.4 3 (g7-g6) (=5)} 44. a5 {[%emt 0:00:00] CPLX 2.1} Kf7 {[%emt 0:00:00] CPLX 2.2 0 (Ra3-a1) (=5)} 45. Kg4 {[%emt 0:00:00] Black must now prevent h5. CPLX 2.0 0 (Rg5-c5) (=15)} g6 {[%emt 0:00:00] CPLX 2.1} 46. h5 {[%emt 0:00:00] CPLX 2.1 17 (Rg5-c5) (=15)} gxh5+ {[%emt 0:00:00] EASY. The position is equal.} 47. Rxh5 {[%emt 0:00:00] RECAPT} Kf6 {[%emt 0:00:00] CPLX 2.0 0 (Kf7-g7) (=5)} 48. Rh6+ $1 {[%emt 0:00:00] CPLX 2.0} Kg7 {[%emt 0:00:00] BESTDEEP} 49. Rh5 {[%emt 0:00:00] CPLX 2.2 8 (Rh6xe6) (=14)} Kf6 {[%emt 0:00:00] CPLX 2.0} 50. Rb5 {[%emt 0:00:00] CPLX 2.0 0 (Rh5-c5) (=14)} Kg6 {[%emt 0:00:00] BESTDEEP} 51. Rb6 {[%emt 0:00:00] CPLX 2.0 8 (Rb5-c5) (=14)} Rxa5 {[%emt 0:00:00] CPLX 2.0 8 (Kg6-f6) (=5)} 52. Rxe6+ {[%emt 0:00:00] CPLX 2.0} Kf7 {[%emt 0:00:00] CPLX 2.0} 53. Rb6 {[%emt 0:00:00] CPLX 2.0 0 (Re6-c6) (=13)} Rc5 {[%emt 0:00:00] CPLX 2.0 0 (Kf7-g7) (=4)} 54. Rb7+ {[%emt 0:00:00] CPLX 2.0 0 (Rb6-b1) (=13)} Kf6 {[%emt 0:00:00] CPLX 2.0} 55. Rb6+ {[%emt 0:00:00] CPLX 2.0 8 (Rb7-b8) (=13)} Kf7 {[%emt 0:00:00] CPLX 2.0} 56. Rb7+ {[%emt 0:00:00][%mdl 32768] Weighted Error Value: White=0.17 (very precise) /Black=0.05 (flawless) . Loss on time!?} 1-0

[Event "Chhattisgarh Masters GM 2022"]
[Site "Chhattisgarh"]
[Date "2022.09.19"]
[Round "1.14"]
[White "Phatak Aanjaneya"]
[Black "Sammed Jaykumar, Shete"]
[Result "0-1"]
[ECO "B31"]
[WhiteElo "2090"]
[BlackElo "2387"]
[Annotator "TA"]
[PlyCount "62"]
[EventDate "2022.09.19"]
[EventCountry "IND"]
[SourceTitle "playchess.com"]
[Source "ChessBase"]
[SourceQuality "1"]
[TimeControl "5400+30"]

1. e4 c5 2. Nf3 Nc6 3. Bb5 g6 4. O-O Bg7 5. c3 e5 6. d4 {[%emt 0:06:17] BESTDEEP} exd4 {[%emt 0:00:07] CPLX 2.7. B31: Sicilian: 2...Nc6 3 Bb5 g6.} 7. Bf4 {[%emt 0:02:34] CPLX 2.5 41 (c3xd4) (=21)} Nge7 {[%emt 0:00:52] CPLX 2.7 48 (a7-a6) (=24)} (7... a6 $1 $11 8. Bc4 d6) 8. cxd4 {[%emt 0:09:20] RELBLUND 55 (Bf4-d6) (=32)} ({White should play} 8. Bd6 $14) 8... cxd4 {[%emt 0:07:55] RELBLUND 52 (Nc6xd4) (=33)} ({Black should try} 8... Nxd4 $11 9. Nxd4 Bxd4) 9. Nbd2 {[%emt 0:01:09] CPLX 2.5 39 (Bf4-d6) (=34)} d5 {[%emt 0:03:39] Inhibits Nc4. CPLX 2.5} 10. e5 {[%emt 0:09:26] CPLX 2.9 20 (e4xd5) (=31)} O-O {[%emt 0:01:36] [#] CPLX 2.7 6 (Qd8-b6) (=21)} 11. Nb3 $146 {[%emt 0:03:30] CPLX 2.5} ({Predecessor:} 11. h3 Qb6 12. Be2 Qxb2 13. Nb3 Qa3 14. Nbxd4 Bd7 15. Nb5 Qa5 16. Nd6 a6 17. a4 {1-0 (45) Franzen,J (2341)-Borik,J (2220) Slovakia 2008}) 11... Bg4 {[%emt 0:04:57] BESTDEEP} 12. Re1 $1 {[%emt 0:03:04] DEEPSTRONG} Qb6 {[%emt 0:00:12] [#] aiming for ...Bxf3. CPLX 3.0} 13. Bf1 {[%emt 0:00:49][%cal Rb3d4] CPLX 3.3 21 (a2-a4) (=22)} h6 {[%emt 0:09:45] CPLX 3.0 31 (Rf8-e8) (=17)} 14. h3 {[%emt 0:08:48] CPLX 3.1 18 (Nb3xd4) (=22)} Bxf3 {[%emt 0:00:45] EASY} 15. Qxf3 {[%emt 0:00:07] RECAPT} g5 {[%emt 0:00:37] CPLX 2.8 34 (Ra8-e8) (=17)} 16. Bg3 {[%emt 0:00:51] CPLX 2.9} Ng6 {[%emt 0:00:08] CPLX 2.8 10 (Ra8-e8) (=16)} 17. Qf5 {[%emt 0:12:06] BESTDEEP} ({But not} 17. Qxd5 Rad8 18. Qc5 Bxe5 19. Bxe5 Qxc5 20. Nxc5 Ngxe5 $17) 17... Rae8 {[%emt 0:04:50] RELBLUND 56 (Ng6-e7) (=20)} (17... Nge7 $11 18. Qd7 Ng6) 18. e6 $14 {[%emt 0:02:12] Black must now prevent exf7+. EASY} Nce7 {[%emt 0:00:34] CPLX 3.4 3 (Ng6-e7) (=18)} 19. exf7+ {[%emt 0:07:21] EASY} Rxf7 {[%emt 0:00:04] RECAPT} 20. Qg4 {[%emt 0:00:47] Strongly threatening Bd3. BESTDEEP} Ref8 {[%emt 0:05:02] BESTDEEP} 21. Re6 {[%emt 0:03:07] EASY} Qd8 {[%emt 0:00:46] BESTDEEP} 22. Rae1 {[%emt 0:09:34] RELBLUND 70 (Re6-d6) (=16)} ({Of course not} 22. Nxd4 Nf4 23. Rd1 Nc6 24. Bxf4 (24. Nxc6 bxc6 25. Bxf4 Rxf4 $17) 24... Rxf4 25. Nxc6 bxc6 $17) (22. Rd6 $14 Qc8 23. Qxc8 Rxc8 24. Re1) 22... Nf4 $36 {[%emt 0:04:09][%mdl 2048] Black has some pressure. EASY} 23. Bxf4 {[%emt 0:01:24] EASY} Rxf4 {[%emt 0:00:07] RECAPT} 24. Qh5 {[%emt 0:01:03] CPLX 3.5 16 (Qg4-e2) (=15)} Rxf2 {[%emt 0:01:15][%cal Oe7f5] Threatens to win with ...Nf5! EASY} 25. Bd3 {[%emt 0:00:47] CPLX 4.0} R2f7 {[%emt 0:01:38][%cal Bf2f7,Bf7f6,Bf6f1][%mdl 32] CPLX 5.0 31 (Rf8-f7) (=14)} 26. Nc5 {[%emt 0:02:35] RELBLUND 129 (Re6xh6) (=19)} (26. Rxh6 $11 {keeps the balance.} Bxh6 27. Qxh6) 26... Qc7 $17 {[%emt 0:02:22] EASY} 27. Rxh6 $2 {[%emt 0:07:14][%mdl 8192] This move loses the game for White. RELBLUND 400 (h3-h4) (=37)} (27. h4 $17 gxh4 28. Qxh4) 27... Bxh6 $19 {[%emt 0:02:45] RECAPT} (27... Qxc5 $2 {[#]} 28. Rc6 $3 Rf1+ 29. Kh2 $16) 28. Re6 {[%emt 0:04:18] CPLX 5.6 400 (Qh5xh6) (=53)} Rf6 {[%emt 0:01:15] BESTDEEP} 29. b4 {[%emt 0:01:48] CPLX 6.1 139 (Re6xf6) (=56)} b6 {[%emt 0:00:21] CPLX 5.9} 30. Qe2 {[%emt 0:01:11] CPLX 6.1 32 (Re6xf6) (=55)} bxc5 {[%emt 0:00:20] CPLX 5.5} 31. Rxe7 {[%emt 0:00:10] RELBLUND 400 (b4xc5) (=68)} Rf1+ {[%emt 0:00:06] Weighted Error Value: White=0.97/Black=0.15 (very precise)} 0-1

[Event "Chhattisgarh Masters GM 2022"]
[Site "Chhattisgarh"]
[Date "2022.09.19"]
[Round "1.14"]
[White "Tiwari, Arjun"]
[Black "Srinath, Rao S.V."]
[Result "1-0"]
[ECO "A03"]
[WhiteElo "2034"]
[BlackElo "2317"]
[Annotator "TA"]
[PlyCount "77"]
[EventDate "2022.09.19"]
[EventCountry "IND"]
[SourceTitle "playchess.com"]
[Source "ChessBase"]
[SourceQuality "1"]
[TimeControl "5400+30"]

1. f4 d5 2. Nf3 g6 3. g3 Bg7 4. Bg2 c5 5. O-O Nc6 6. d3 {[%emt 0:00:18] CPLX 2.0} Nh6 {[%emt 0:06:28] CPLX 2.0 1 (Ng8-f6) (=1). A03: Bird's Opening with 1...d5.} 7. e4 {[%emt 0:06:36] BESTDEEP} dxe4 {[%emt 0:12:15] BESTDEEP} (7... O-O {is interesting.} 8. c3 dxe4 9. dxe4 Qxd1 10. Rxd1 b6) 8. dxe4 {[%emt 0:00:04] RECAPT} Qxd1 {[%emt 0:06:29] CPLX 2.3 0 (0-0) (=0). The position is equal.} 9. Rxd1 {[%emt 0:00:04] RECAPT} Nd4 {[%emt 0:00:47] CPLX 2.0 47 (b7-b6) (=12)} (9... b6 $11 {deserves consideration.}) 10. Nxd4 $1 $14 {[%emt 0:08:48] CPLX 2.1} Bxd4+ {[%emt 0:01:45] RECAPT} 11. Kf1 $1 {[%emt 1:18:39] [#] DEEPSTRONG} Bd7 $146 {[%emt 0:07:40] CPLX 2.1 9 (b7-b6) (=10)} ({Predecessor:} 11... Bg4 12. Rd3 Bd7 13. Na3 O-O-O 14. h3 Bg7 15. g4 c4 16. Rg3 b5 17. c3 f6 {1-0 (44) Rodriguez Vila,A (2547)-Della Morte,G (2345) Villa Martelli 2007}) 12. c3 {[%emt 0:00:00] CPLX 2.4 15 (a2-a4) (=2)} Bg7 {[%emt 0:00:25] BESTDEEP} 13. Be3 {[%emt 0:00:00] BESTDEEP} Rc8 {[%emt 0:05:41] CPLX 2.0 17 (b7-b6) (=9)} 14. a4 {[%emt 0:00:00][%cal Ba2a4,Ba4a5][%mdl 32] CPLX 2.0 16 (h2-h3) (=3)} f6 {[%emt 0:06:45] CPLX 2.0 24 (e7-e5) (=11)} 15. Nd2 {[%emt 0:00:00] CPLX 2.0 11 (c3-c4) (=4)} Be6 {[%emt 0:05:16] CPLX 2.0 39 (0-0) (=14)} 16. a5 {[%emt 0:00:00] CPLX 2.0 17 (b2-b4) (=5)} O-O {[%emt 0:02:09] BESTDEEP} 17. b4 {[%emt 0:00:00] CPLX 2.0} cxb4 {[%emt 0:02:29] CPLX 2.0} 18. cxb4 {[%emt 0:00:00] RECAPT} a6 {[%emt 0:00:05] BESTDEEP} 19. Bc5 {[%emt 0:00:00] CPLX 2.0} Kf7 {[%emt 0:05:10] CPLX 2.0 31 (Rf8-d8) (=12)} 20. h3 {[%emt 0:00:00] CPLX 2.2 29 (Ra1-c1) (=6)} Rfd8 {[%emt 0:00:40] EASY} 21. Ke2 {[%emt 0:00:00] CPLX 2.4 43 (Kf1-f2) (=8)} (21. Kf2 {looks sharper.} Ke8 22. g4 Rd3 23. f5) 21... Bd7 {[%emt 0:01:42] CPLX 3.0 33 (Kf7-e8) (=13)} 22. Bf1 {[%emt 0:00:00][%cal Bg2f1,Bf1c4,Bc4b3][%mdl 32] CPLX 2.1 20 (Ke2-f2) (=9)} Bf8 {[%emt 0:05:28] CPLX 2.1 35 (Bd7-b5) (=14)} 23. Ke3 {[%emt 0:00:00] White now steadily converts the win. CPLX 2.0 10 (Nd2-c4) (=9)} e6 {[%emt 0:00:51] [#] CPLX 2.2 101 (e7-e5) (=19)} (23... e5 $16 {was worth a try.}) 24. Nb3 $1 $18 {[%emt 0:00:00] CPLX 2.5=>BLUNDERREACT} Bc6 {[%emt 0:05:46] CPLX 2.7 33 (Bf8-e7) (=19)} 25. Bc4 {[%emt 0:00:00] CPLX 4.4 13 (Rd1xd8) (=9)} Rxd1 {[%emt 0:01:22] CPLX 5.1 38 (Rd8-e8) (=20)} 26. Rxd1 {[%emt 0:00:00] RECAPT} Ba4 {[%emt 0:00:38] CPLX 2.5} 27. Rd3 {[%emt 0:00:00] CPLX 2.9} Bxb3 {[%emt 0:05:47] CPLX 2.6 62 (Rc8-c7) (=21)} 28. Bxb3 {[%emt 0:00:00] Black must now prevent Rd7+. RECAPT} (28. Rxb3 Ng8 $16) 28... Bxc5+ {[%emt 0:02:08] CPLX 2.3 29 (Rc8-c7) (=22)} 29. bxc5 {[%emt 0:00:00][%mdl 4096] Endgame aiming for Rd7+. KRB-KRN. RECAPT} Ke7 {[%emt 0:01:06] Inhibits Rd7+. CPLX 2.0 10 (Kf7-e8) (=21)} 30. Rd6 {[%emt 0:01:58] EASY} Rxc5 {[%emt 0:00:24] CPLX 2.3 22 (e6-e5) (=21)} 31. Rxe6+ {[%emt 0:00:10] EASY} Kd8 {[%emt 0:00:18] [#] And now ...Rc3+ would win. CPLX 2.0 34 (Ke7-d7) (=22)} 32. Rb6 {[%emt 0:02:35] BESTDEEP} Rxa5 {[%emt 0:02:50] CPLX 2.0 61 (Kd8-c7) (=23)} 33. Rxb7 {[%emt 0:00:37] CPLX 2.0} Ra3 $2 {[%emt 0:00:52] CPLX 2.0 322 (g6-g5) (=34)} (33... g5 34. Be6 (34. Rxh7 Ra3 $16) 34... gxf4+ 35. Kxf4 Re5) 34. Kd4 {[%emt 0:01:00] CPLX 2.1=>BLUNDERREACT} Kc8 {[%emt 0:00:40] BEVAL 400 (Kd8-e8) (=46)} 35. Bd5 {[%emt 0:00:19] EVAL} Ra4+ {[%emt 0:05:24] BEVAL 400 (f6-f5) (=58)} 36. Kc5 {[%emt 0:00:21] White threatens Kd6 and mate. BEVAL} Nf5 {[%emt 0:01:37] MISS-Ra4-a5 400 (Ra4-a5) (=69)} 37. exf5 {[%emt 0:01:27] EASY. White mates.} Ra5+ {[%emt 0:00:04] RELBLUND} 38. Kc6 {[%emt 0:00:07] CPLX 2.0} Rxd5 {[%emt 0:00:06] EASY} 39. Rxh7 {[%emt 0:00:06] Weighted Error Value: White=0.07 (flawless) /Black=0.48} 1-0